| TOP OF THE 1ST |
|
Atlanta Braves batting - Pitching for Cincinnati Reds : RHP Tony Guzman
|
|
Pitching: RHP Tony Guzman
|
|
|
Batting: RHB Gil Flores
|
0-0: Foul Ball, location: 2F 0-1: SINGLE (Groundball, 6D, EV 110.6 MPH)
|
|
Batting: LHB Joe L Morgan
|
0-0: Called Strike 0-1: Swinging Strike 0-2: Ball 1-2: Ball 2-2: Ground out 4-3 (Groundball, 4S, EV 75.6 MPH) Gil Flores to second
|
|
Batting: SHB Tony Fernandez
|
0-0: Ball 1-0: Ball 2-0: Called Strike 2-1: Ball 3-1: Foul Ball, location: 2F 3-2: Fly out, F7 (Flyball, 78D, EV 99.4 MPH) Runner from 2nd tags up, SAFE at 3rd with throw by LF
|
|
Batting: LHB Karl Pagel
|
0-0: Called Strike 0-1: Ball 1-1: Called Strike 1-2: Strikes out looking
|
| Top of the 1st over - 0 runs, 1 hit, 0 errors, 1 left on base; Atlanta 0 - Cincinnati 0 |
| BOTTOM OF THE 1ST |
|
Cincinnati Reds batting - Pitching for Atlanta Braves : RHP Gary Carter
|
|
Pitching: RHP Gary Carter
|
|
|
Batting: RHB Gary Matthews
|
0-0: Foul Ball, location: 2F 0-1: Fly out, F9 (Flyball, 9, EV 81.3 MPH)
|
|
Batting: LHB Joseph Talley
|
0-0: Ball 1-0: Ball 2-0: Ball 3-0: Base on Balls
|
|
Batting: LHB Mike Easler
|
0-0: Ball Wild Pitch! Joseph Talley to second 1-0: Foul Ball, location: 2F 1-1: Ball 2-1: Foul Ball, location: 2F 2-2: Foul Ball, location: 2F 2-2: SINGLE (Groundball, 6MD, EV 103.8 MPH) Joseph Talley to third Runner from 3rd tries for Home, SAFE, throw by CF to home
|
|
Batting: RHB Bill Melton
|
0-0: SINGLE (Flyball, 34D, EV 84.4 MPH) Mike Easler to second Runner from 2nd tries for 3rd, SAFE, no throw by RF
|
|
Batting: LHB Darrell Evans
|
0-0: Called Strike 0-1: Fly out, F8 (Flyball, 8RXD, EV 96.3 MPH) Runner from 3rd tags up, SCORES, no throw by CF
|
|
Batting: RHB John Malkin
|
0-0: Ball 1-0: Called Strike 1-1: Ball 2-1: Swinging Strike 2-2: Fly out, F8 (Line Drive, 8RXD, EV 101.3 MPH)
|
| Bottom of the 1st over - 2 runs, 2 hits, 0 errors, 1 left on base; Atlanta 0 - Cincinnati 2 |
| TOP OF THE 2ND |
|
Atlanta Braves batting - Pitching for Cincinnati Reds : RHP Tony Guzman
|
|
Batting: LHB Mike Hargrove
|
0-0: Called Strike 0-1: Reached on error, E3 (Groundball, 34, EV 101.3 MPH)
|
|
Batting: RHB Craig Kusick
|
0-0: Foul Ball, location: 2F 0-1: Ball 1-1: Ball 2-1: SINGLE (Line Drive, 6MD, EV 102.5 MPH) Mike Hargrove to second
|
|
Batting: RHB Adam Suman
|
0-0: SINGLE (Groundball, 4MD, EV 98.8 MPH) Mike Hargrove to third Craig Kusick to second Runner from 3rd tries for Home, SAFE, throw by CF to home
|
|
Batting: RHB Tom Veryzer
|
0-0: Ball 1-0: Swinging Strike 1-1: Ball 2-1: Ball 3-1: Called Strike 3-2: Foul Ball, location: 2F 3-2: DOUBLE (Line Drive, 89M, EV 90.0 MPH) Craig Kusick scores Adam Suman to third
|
|
Batting: LHB Gary Carter
|
0-0: Called Strike 0-1: Ball 1-1: Called Strike 1-2: Foul Ball, location: 2F 1-2: Foul Ball, location: 2F 1-2: Ball 2-2: Strikes out swinging
|
|
Batting: RHB Gil Flores
|
0-0: Called Strike 0-1: Ball 1-1: Foul Ball, location: 2F 1-2: Ball 2-2: SINGLE (Groundball, 6D, EV 96.9 MPH) Adam Suman scores Tom Veryzer to third Runner from 3rd tries for Home, SAFE, throw by LF to home
|
|
Batting: LHB Joe L Morgan
|
0-0: Ball 1-0: Ball 2-0: Ball 3-0: Base on Balls Gil Flores to second
|
|
Batting: SHB Tony Fernandez
|
0-0: Called Strike 0-1: Ball 1-1: Ball 2-1: Hit by Pitch Gil Flores to third Joe L Morgan to second
|
|
Batting: LHB Karl Pagel
|
0-0: Ball 1-0: DOUBLE (Groundball, 3L, EV 103.8 MPH) Gil Flores scores Joe L Morgan scores Tony Fernandez to third Runner from 3rd tries for Home, SAFE, no throw by RF
|
|
Pitching: RHP Mike Rowland
|
|
|
Batting: LHB Mike Hargrove
|
0-0: Ball 1-0: Called Strike 1-1: Ground out 4-3 (Groundball, 4, EV 102.5 MPH) Karl Pagel to third
|
|
Batting: RHB Craig Kusick
|
0-0: Ball 1-0: Foul Ball, location: 2F 1-1: Ball 2-1: Ground out 6-3 (Groundball, 6, EV 104.4 MPH)
|
| Top of the 2nd over - 7 runs, 5 hits, 1 error, 1 left on base; Atlanta 7 - Cincinnati 2 |
| BOTTOM OF THE 2ND |
|
Cincinnati Reds batting - Pitching for Atlanta Braves : RHP Gary Carter
|
|
Batting: RHB Jim Anderson
|
0-0: Foul Ball, location: 2F 0-1: Swinging Strike 0-2: Ball 1-2: Foul Ball, location: 2F 1-2: Ball 2-2: Ground out 6-3 (Groundball, 6, EV 88.8 MPH)
|
|
Batting: RHB Jesus Alfaro
|
0-0: Called Strike 0-1: Ball 1-1: Ball 2-1: Ball 3-1: Base on Balls
|
|
Batting: RHB Mike Rowland
|
0-0: Bunted foul 0-1: Sac Bunt to 15S - play at first, batter OUT! 1-4 Jesus Alfaro to second
|
|
Batting: RHB Gary Matthews
|
0-0: Swinging Strike 0-1: Ball 1-1: Called Strike 1-2: Ball 2-2: SINGLE (Line Drive, 6D, EV 95.0 MPH) Jesus Alfaro to third
|
|
Batting: LHB Joseph Talley
|
0-0: Ball 1-0: Called Strike 1-1: DOUBLE (Line Drive, 3D, EV 104.4 MPH) Jesus Alfaro scores Gary Matthews to third Runner from 3rd tries for Home, SAFE, no throw by RF
|
|
Batting: LHB Mike Easler
|
0-0: Fly out, F8 (Line Drive, 8RD, EV 89.4 MPH)
|
| Bottom of the 2nd over - 2 runs, 2 hits, 0 errors, 1 left on base; Atlanta 7 - Cincinnati 4 |
| TOP OF THE 3RD |
|
Atlanta Braves batting - Pitching for Cincinnati Reds : RHP Mike Rowland
|
|
Batting: RHB Adam Suman
|
0-0: Ball 1-0: Ball 2-0: Ground out 5-3 (Groundball, 56S, EV 78.1 MPH)
|
|
Batting: RHB Tom Veryzer
|
0-0: Ball 1-0: Ball 2-0: Ball 3-0: Base on Balls
|
|
Batting: LHB Gary Carter
|
0-0: Ball Tom Veryzer is caught stealing 2nd base 2-6 1-0: Swinging Strike 1-1: Ball 2-1: Ball 3-1: DOUBLE (Groundball, 5L, EV 95.0 MPH)
|
|
Batting: RHB Gil Flores
|
0-0: Ball 1-0: Foul Ball, location: 2F 1-1: Called Strike 1-2: Strikes out swinging
|
| Top of the 3rd over - 0 runs, 1 hit, 0 errors, 1 left on base; Atlanta 7 - Cincinnati 4 |
| BOTTOM OF THE 3RD |
|
Cincinnati Reds batting - Pitching for Atlanta Braves : RHP Gary Carter
|
|
Batting: RHB Bill Melton
|
0-0: Called Strike 0-1: Foul Ball, location: 2F 0-2: Ball 1-2: Fly out, F8 (Flyball, 8LM, EV 80.0 MPH)
|
|
Batting: LHB Darrell Evans
|
0-0: Foul Ball, location: 2F 0-1: Ball 1-1: Swinging Strike 1-2: SOLO HOME RUN (Flyball, 89XD, EV 90.6 MPH), Distance : 416 ft
|
|
Batting: RHB John Malkin
|
0-0: Ball 1-0: Ball 2-0: Ball 3-0: Called Strike 3-1: Called Strike 3-2: Ground out 5-3 (Groundball, 56S, EV 88.1 MPH)
|
|
Batting: RHB Jim Anderson
|
0-0: Fly out, F8 (Flyball, 89M, EV 88.8 MPH)
|
| Bottom of the 3rd over - 1 run, 1 hit, 0 errors, 0 left on base; Atlanta 7 - Cincinnati 5 |
| TOP OF THE 4TH |
|
Atlanta Braves batting - Pitching for Cincinnati Reds : RHP Mike Rowland
|
|
Batting: LHB Joe L Morgan
|
0-0: Called Strike 0-1: Fly out, F8 (Flyball, 8LD, EV 86.3 MPH)
|
|
Batting: SHB Tony Fernandez
|
0-0: Ball 1-0: Ball 2-0: Foul Ball, location: 2F 2-1: Ground out U3 (Groundball, 3, EV 108.1 MPH)
|
|
Batting: LHB Karl Pagel
|
0-0: Ball 1-0: Ball 2-0: Ball 3-0: Base on Balls
|
|
Pitching: LHP Al Hrabosky
|
|
|
Now at 2B: John Damon
|
|
|
Batting: LHB Mike Hargrove
|
0-0: Fly out, F8 (Flyball, 8RM, EV 87.5 MPH)
|
| Top of the 4th over - 0 runs, 0 hits, 0 errors, 1 left on base; Atlanta 7 - Cincinnati 5 |
| BOTTOM OF THE 4TH |
|
Cincinnati Reds batting - Pitching for Atlanta Braves : RHP Gary Carter
|
|
Batting: RHB Jesus Alfaro
|
0-0: Foul Ball, location: 2F 0-1: Swinging Strike 0-2: Strikes out swinging
|
|
Batting: RHB John Damon
|
0-0: Ball 1-0: Ground out 4-3 (Groundball, 4, EV 86.9 MPH)
|
|
Batting: RHB Gary Matthews
|
0-0: Ball 1-0: Fly out, F7 (Flyball, 7LS, EV 95.0 MPH)
|
| Bottom of the 4th over - 0 runs, 0 hits, 0 errors, 0 left on base; Atlanta 7 - Cincinnati 5 |
| TOP OF THE 5TH |
|
Atlanta Braves batting - Pitching for Cincinnati Reds : LHP Al Hrabosky
|
|
Batting: RHB Craig Kusick
|
0-0: Foul Ball, location: 2F 0-1: Foul Ball, location: 2F 0-2: Ball 1-2: Fly out, F8 (Flyball, 8RXD, EV 101.9 MPH)
|
|
Batting: RHB Adam Suman
|
0-0: Ball 1-0: Ball 2-0: Foul Ball, location: 2F 2-1: Foul Ball, location: 2F 2-2: Ball 3-2: Foul Ball, location: 2F 3-2: Ground out 5-3 (Groundball, 56, EV 92.5 MPH)
|
|
Batting: RHB Tom Veryzer
|
0-0: Ball 1-0: SINGLE (Groundball, 6D, EV 103.1 MPH)
|
|
Batting: LHB Gary Carter
|
0-0: Ball 1-0: Called Strike 1-1: Ball 2-1: Foul Ball, location: 2F 2-2: Strikes out swinging
|
| Top of the 5th over - 0 runs, 1 hit, 0 errors, 1 left on base; Atlanta 7 - Cincinnati 5 |
| BOTTOM OF THE 5TH |
|
Cincinnati Reds batting - Pitching for Atlanta Braves : RHP Gary Carter
|
|
Batting: LHB Joseph Talley
|
0-0: Fly out, F9 (Flyball, 89D, EV 105.6 MPH)
|
|
Batting: LHB Mike Easler
|
0-0: Ball 1-0: Ball 2-0: SOLO HOME RUN (Flyball, 78XD, EV 96.9 MPH), Distance : 417 ft
|
|
Pitching: RHP Migel Puente
|
|
|
Batting: RHB Bill Melton
|
0-0: Ground out 5-3 (Groundball, 56, EV 85.0 MPH)
|
|
Batting: LHB Darrell Evans
|
0-0: SINGLE (Groundball, 4MD, EV 95.0 MPH)
|
|
Batting: RHB John Malkin
|
0-0: Called Strike 0-1: Fly out, F8 (Flyball, 8RD, EV 75.0 MPH)
|
| Bottom of the 5th over - 1 run, 2 hits, 0 errors, 1 left on base; Atlanta 7 - Cincinnati 6 |
| TOP OF THE 6TH |
|
Atlanta Braves batting - Pitching for Cincinnati Reds : LHP Al Hrabosky
|
|
Batting: RHB Gil Flores
|
0-0: Foul Ball, location: 2F 0-1: Swinging Strike 0-2: Strikes out swinging
|
|
Batting: LHB Joe L Morgan
|
0-0: Swinging Strike 0-1: Ball 1-1: Ball 2-1: Ball 3-1: Called Strike 3-2: Base on Balls
|
|
Batting: SHB Tony Fernandez
|
0-0: Called Strike 0-1: Swinging Strike 0-2: Ball 1-2: SINGLE (Line Drive, 4M, EV 95.0 MPH) Joe L Morgan to second
|
|
Batting: LHB Karl Pagel
|
0-0: Called Strike 0-1: Ball 1-1: Called Strike 1-2: Foul Ball, location: 2F 1-2: Foul Ball, location: 5F, Error on foul ball, E5 1-2: Ball 2-2: Foul Ball, location: 2F 2-2: Strikes out swinging
|
|
Batting: LHB Mike Hargrove
|
0-0: Ball 1-0: Ball 2-0: Called Strike 2-1: Foul Ball, location: 2F 2-2: Foul Ball, location: 2F 2-2: Ball 3-2: Foul Ball, location: 2F 3-2: Ground out 6-3 (Groundball, 6, EV 76.3 MPH)
|
| Top of the 6th over - 0 runs, 1 hit, 1 error, 2 left on base; Atlanta 7 - Cincinnati 6 |
| BOTTOM OF THE 6TH |
|
Cincinnati Reds batting - Pitching for Atlanta Braves : RHP Migel Puente
|
|
Pinch Hitting: RHB Marco Mosquera
|
0-0: Foul Ball, location: 2F 0-1: Called Strike 0-2: Ball 1-2: SOLO HOME RUN (Flyball, 78XD, EV 98.1 MPH), Distance : 420 ft
|
|
Batting: RHB Jesus Alfaro
|
0-0: Ball 1-0: Ball 2-0: Foul Ball, location: 2F 2-1: Ball 3-1: Base on Balls
|
|
Batting: RHB John Damon
|
0-0: Foul Ball, location: 2F 0-1: Ball 1-1: Fielders Choice at 2nd, 4-6 (Groundball, 4, EV 85.0 MPH)
|
|
Batting: RHB Gary Matthews
|
0-0: Foul Ball, location: 2F 0-1: Ball 1-1: Fly out, F8 (Flyball, 8LXD, EV 91.9 MPH)
|
|
Batting: LHB Joseph Talley
|
0-0: Ball 1-0: Ball 2-0: Called Strike 2-1: Ball 3-1: Base on Balls John Damon to second
|
|
Batting: LHB Mike Easler
|
0-0: SINGLE (Flyball, 9LS, EV 98.8 MPH) John Damon to third Joseph Talley to second Runner from 3rd tries for Home, throw by RF and OUT! 9-2
|
| Bottom of the 6th over - 1 run, 2 hits, 0 errors, 2 left on base; Atlanta 7 - Cincinnati 7 |
| TOP OF THE 7TH |
|
Atlanta Braves batting - Pitching for Cincinnati Reds : LHP Al Hrabosky
|
|
Pitching: LHP Danny Boone
|
|
|
Batting: RHB Craig Kusick
|
0-0: Called Strike 0-1: Foul Ball, location: 2F 0-2: Ball 1-2: Strikes out swinging
|
|
Batting: RHB Adam Suman
|
0-0: Ball 1-0: Fly out, F6 (Flyball, 56D, EV 73.1 MPH)
|
|
Batting: RHB Tom Veryzer
|
0-0: Ball 1-0: Ground out 6-3 (Groundball, 6S, EV 72.5 MPH)
|
| Top of the 7th over - 0 runs, 0 hits, 0 errors, 0 left on base; Atlanta 7 - Cincinnati 7 |
| BOTTOM OF THE 7TH |
|
Cincinnati Reds batting - Pitching for Atlanta Braves : RHP Migel Puente
|
|
Pitching: RHP Charlie Lea
|
|
|
Now at 3B: Guy Sularz
|
|
|
Batting: RHB Bill Melton
|
0-0: Ball 1-0: Foul Ball, location: 2F 1-1: Foul Ball, location: 2F 1-2: Strikes out swinging
|
|
Batting: LHB Darrell Evans
|
0-0: Fly out, F7 (Flyball, 7S, EV 87.5 MPH)
|
|
Batting: RHB John Malkin
|
0-0: Ball 1-0: Ball 2-0: Fly out, F8 (Flyball, 8RD, EV 83.8 MPH)
|
| Bottom of the 7th over - 0 runs, 0 hits, 0 errors, 0 left on base; Atlanta 7 - Cincinnati 7 |
| TOP OF THE 8TH |
|
Atlanta Braves batting - Pitching for Cincinnati Reds : LHP Danny Boone
|
|
Pitching: RHP Jay Dillard
|
|
|
Batting: RHB Guy Sularz
|
0-0: Ball 1-0: Swinging Strike 1-1: Ground out U3 (Groundball, 3, EV 100.6 MPH)
|
|
Batting: RHB Gil Flores
|
0-0: Fly out, F7 (Flyball, 7LS, EV 95.6 MPH)
|
|
Batting: LHB Joe L Morgan
|
0-0: Ball 1-0: Ground out 6-3 (Groundball, 6M, EV 82.5 MPH)
|
| Top of the 8th over - 0 runs, 0 hits, 0 errors, 0 left on base; Atlanta 7 - Cincinnati 7 |
| BOTTOM OF THE 8TH |
|
Cincinnati Reds batting - Pitching for Atlanta Braves : RHP Charlie Lea
|
|
Pinch Hitting: LHB Jim Bennett
|
0-0: Ball 1-0: Foul Ball, location: 2F 1-1: Ball 2-1: Reached on error, E6 (Groundball, 6, EV 86.9 MPH)
|
|
Batting: RHB Jesus Alfaro
|
0-0: Ball 1-0: Called Strike 1-1: Swinging Strike 1-2: Grounds into double play, 4-6-3 (Groundball, 4, EV 76.9 MPH)
|
|
Batting: RHB John Damon
|
0-0: Fly out, F9 (Flyball, 9LM, EV 88.1 MPH)
|
| Bottom of the 8th over - 0 runs, 0 hits, 1 error, 0 left on base; Atlanta 7 - Cincinnati 7 |
| TOP OF THE 9TH |
|
Atlanta Braves batting - Pitching for Cincinnati Reds : RHP Jay Dillard
|
|
Pitching: RHP Larry Dierker
|
|
|
Batting: SHB Tony Fernandez
|
0-0: Ball 1-0: Ball 2-0: Called Strike 2-1: Ground out 5-3 (Groundball, 25, EV 90.0 MPH)
|
|
Batting: LHB Karl Pagel
|
0-0: Called Strike 0-1: Ball 1-1: Foul Ball, location: 2F 1-2: SINGLE (Line Drive, 34D, EV 97.5 MPH)
|
|
Pinch Runner at 1st UL Washington:
|
|
|
Batting: LHB Mike Hargrove
|
0-0: Ball 1-0: Ball 2-0: Called Strike 2-1: Called Strike UL Washington is caught stealing 2nd base 2-6 2-2: Strikes out swinging
|
| Top of the 9th over - 0 runs, 1 hit, 0 errors, 0 left on base; Atlanta 7 - Cincinnati 7 |
| BOTTOM OF THE 9TH |
|
Cincinnati Reds batting - Pitching for Atlanta Braves : RHP Charlie Lea
|
|
Now in CF: Bobby Murcer
|
|
|
Batting: RHB Gary Matthews
|
0-0: Ground out 5-3 (Groundball, 5, EV 95.6 MPH)
|
|
Batting: LHB Joseph Talley
|
0-0: Called Strike 0-1: Fly out, F5 (Popup, 56, EV 66.9 MPH)
|
|
Batting: LHB Mike Easler
|
0-0: Foul Ball, location: 2F 0-1: Fly out, F7 (Line Drive, 78S, EV 91.9 MPH)
|
| Bottom of the 9th over - 0 runs, 0 hits, 0 errors, 0 left on base; Atlanta 7 - Cincinnati 7 |
| TOP OF THE 10TH |
|
Atlanta Braves batting - Pitching for Cincinnati Reds : RHP Larry Dierker
|
|
Batting: RHB Craig Kusick
|
0-0: Called Strike 0-1: Foul Ball, location: 2F 0-2: Ball 1-2: Ball 2-2: SOLO HOME RUN (Flyball, 7D, EV 86.9 MPH), Distance : 385 ft
|
|
Batting: RHB Adam Suman
|
0-0: Called Strike 0-1: Called Strike 0-2: Ball 1-2: Ball 2-2: Ball 3-2: SOLO HOME RUN (Flyball, 78XD, EV 94.4 MPH), Distance : 409 ft
|
|
Batting: RHB Charlie Lea
|
0-0: Called Strike 0-1: Ground out 4-3 (Groundball, 4, EV 83.8 MPH)
|
|
Batting: RHB Guy Sularz
|
0-0: Ball 1-0: Called Strike 1-1: Called Strike 1-2: Ground out U3 (Groundball, 34S, EV 81.3 MPH)
|
|
Batting: RHB Gil Flores
|
0-0: Called Strike 0-1: Ball 1-1: Foul Ball, location: 2F 1-2: Ground out U3 (Groundball, 34, EV 101.9 MPH)
|
| Top of the 10th over - 2 runs, 2 hits, 0 errors, 0 left on base; Atlanta 9 - Cincinnati 7 |
| BOTTOM OF THE 10TH |
|
Cincinnati Reds batting - Pitching for Atlanta Braves : RHP Charlie Lea
|
|
Now at 1B: Matt Winters
|
|
|
Batting: RHB Bill Melton
|
0-0: Foul Ball, location: 2F 0-1: Swinging Strike 0-2: Strikes out swinging
|
|
Batting: LHB Darrell Evans
|
0-0: Called Strike 0-1: Foul Ball, location: 2F 0-2: Foul Ball, location: 2F 0-2: Ground out 6-3 (Groundball, 6, EV 83.1 MPH)
|
|
Batting: RHB John Malkin
|
0-0: Called Strike 0-1: Foul Ball, location: 2F 0-2: Foul Ball, location: 2F 0-2: Strikes out swinging
|
| Bottom of the 10th over - 0 runs, 0 hits, 0 errors, 0 left on base; Atlanta 9 - Cincinnati 7 |
|